 Dungeon Crawl Stone Soup version 0.27-a0-1287-gca74d27db6 (webtiles) character file.

Game seed: 8007166974464504128

107 flotson the Skirmisher (level 4, -1/29 (35) HPs)
             Began as a Demonspawn Fighter on June 14, 2021.
             Slain by a necrophage (4 damage)
             ... on level 4 of the Dungeon.
             The game lasted 00:03:59 (2254 turns).

flotson the Skirmisher (Demonspawn Fighter)         Turns: 2254, Time: 00:03:59

HP:   -1/29 (35)    AC:  6    Str: 17    XL:     4   Next: 56%
MP:   4/4           EV:  7    Int: 10    God:
Gold: 141           SH:  9    Dex: 12    Spells: 3/3 levels left

rFire    . . .     SeeInvis .   a - +1 hand axe (venom)
rCold    . . .     Faith    .   c - +0 kite shield
rNeg     . . .     Spirit   .   s - +0 scale mail
rPois    .         Reflect  .   (no helmet)
rElec    .         Harm     .   (no cloak)
rCorr    .         Rampage  .   (no gloves)
Will     .....                  (no boots)
Stlth    ..........             (no amulet)
HPRegen  0.09/turn              (no ring)
MPRegen  0.09/turn              (no ring)

@: heavily drained
A: talons 1, powered by death 1
a: no special abilities


You were on level 4 of the Dungeon.
You visited 1 branch of the dungeon, and saw 4 of its levels.

You collected 141 gold pieces.

Inventory:

Hand Weapons
 a - a +1 hand axe of venom (weapon)
 b - a +2 hunting sling of freezing
 f - a +0 dagger of draining
 n - a +0 war axe
Missiles
 t - 6 stones (quivered)
 v - 8 atropa-tipped darts
Armour
 c - a +0 kite shield (worn)
 s - a +0 scale mail (worn)
Scrolls
 e - a scroll of blinking {unknown}
 g - a scroll of immolation {unknown}
 i - a scroll of enchant armour {unknown}
 j - a scroll of amnesia {unknown}
 l - 6 scrolls of teleportation {unknown}
 m - a scroll of summoning {unknown}
 q - a scroll of fear {unknown}
 r - a scroll of enchant weapon {unknown}
Potions
 d - a potion of might
 h - a potion of attraction {unknown}
 k - 2 potions of resistance {unknown}
 o - 2 potions of magic {unknown}
 p - a potion of lignification {unknown}
 u - 2 potions of heal wounds {unknown}
 w - a potion of ambrosia {unknown}


   Skills:
 + Level 3.5 Fighting
 + Level 2.4 Axes
 + Level 3.2 Armour
 + Level 1.4 Dodging
 + Level 3.2 Shields


You had 3 spell levels left.
You didn't know any spells.
Your spell library was empty.

Dungeon Overview and Level Annotations

Branches:
Dungeon (4/15)
 Temple: D:4-7

Altars:
The Shining One


Innate Abilities, Weirdness & Mutations

You have sharp toenails.
You regenerate a little health from kills.


Message History

Aim: a necrophage (almost destroyed, 60% to hit)
You shoot a stone.
The stone closely misses the necrophage.
The stone hits the hobgoblin!
The stone freezes the hobgoblin.
You kill the hobgoblin!
The necrophage hits you.
* * * LOW HITPOINT WARNING * * *
You feel drained.
Fire: 9 stones
Press: ? - help, Q - select action, (/) - cycle Shift-Dir - straight line, f/p - necrophage
Aim: a necrophage (almost destroyed, 59% to hit)
You shoot a stone. The stone hits the necrophage.
The necrophage is almost destroyed.
The necrophage hits you.
* * * LOW HITPOINT WARNING * * *
You feel drained.
* * * LOW HITPOINT WARNING * * *
The necrophage barely misses you.
Fire: 8 stones
Press: ? - help, Q - select action, (/) - cycle Shift-Dir - straight line, f/p - necrophage
Aim: a necrophage (almost destroyed, 60% to hit)
You shoot a stone.
The stone closely misses the necrophage.
You block the necrophage's attack.
Fire: 7 stones
Press: ? - help, Q - select action, (/) - cycle Shift-Dir - straight line, f/p - necrophage
Aim: a necrophage (almost destroyed, 60% to hit)
You shoot a stone.
The stone closely misses the necrophage.
The necrophage barely misses you. The necrophage hits you.
* * * LOW HITPOINT WARNING * * *
You feel drained.
* * * LOW HITPOINT WARNING * * *
Your +2 hunting sling of freezing stops glowing.
Your +1 hand axe of venom begins to drip with poison!
a - a +1 hand axe of venom (weapon)
You barely miss the necrophage.
The necrophage is almost destroyed.
The necrophage hits you.
You die...

###############
#<............#
#############.#
#.# #.# #.#
##########.##
#(.((n@.....#
.(.).(########
..(.. (... ..$
.. #


You could see a necrophage.

Vanquished Creatures
  Terence (D:2)
  A gnoll (D:1)
  An adder (D:3)
  2 worms
  6 endoplasms
  3 giant cockroaches
  9 goblins
  5 hobgoblins
  3 jackals (D:3)
  7 ball pythons
  4 bats
  4 frilled lizards
  5 kobolds
  3 rats
54 creatures vanquished.

Vanquished Creatures (others)
  A plant (D:4)
  2 withered plants (D:4)
3 creatures vanquished.

Grand Total: 57 creatures vanquished

Notes
Turn   | Place    | Note
-------+----------+-------------------------------------------
     0 | D:1      | flotson the Demonspawn Fighter began the quest for the Orb.
     0 | D:1      | Reached XP level 1. HP: 18/18 MP: 1/1
    13 | D:1      | You fall into a shaft and drop 1 floor!
    27 | D:2      | Noticed Terence
   124 | D:2      | Found a faded altar of an unknown god.
   550 | D:1      | Gained mutation: You have sharp toenails. [demonic
                  | ancestry]
   550 | D:1      | Reached XP level 2. HP: 24/24 MP: 2/2
   760 | D:1      | Gained mutation: You regenerate a little health from kills.
                  | [demonic ancestry]
   760 | D:1      | Reached XP level 3. HP: 13/29 MP: 3/3
  1045 | D:2      | Reached skill level 1 in Dodging
  1247 | D:2      | Killed Terence
  1248 | D:2      | Reached XP level 4. HP: 30/35 MP: 4/4
  2236 | D:4      | Noticed a necrophage
  2254 | D:4      | Slain by a necrophage

Illustrated notes

Levels and vault maps discovered:
D:1:      dpeg_arrival_shrine, layout_rooms
D:2:      layout_loops_ring, basic_altar, ebering_ecumenical_altar_webs,
          uniq_terence
D:3:      layout_rooms, hangedman_decor_growths
D:4:      layout_basic, grunt_temple_overflow_growth_and_decay, uniq_duvessa

Skill      XL: |  1  2  3 |
---------------+----------+-----
Axes           | 2 |  2.4
Armour         | 3 |  3.2
Shields        | 3 |  3.2
Dodging        | 1 |  1.4
Fighting       | |  3.5

Action                   |  1- 3 |  4- 6 || total
-------------------------+-------+-------++-------
Melee: Dagger            |    50 |       ||    50
       War axe           |     2 |       ||     2
       Kick              |    14 |     1 ||    15
       Hand axe          |    27 |     8 ||    35
 Fire: Hunting sling     |       |    48 ||    48
Armor: Scale mail        |    36 |    20 ||    56
Dodge: Dodged            |    31 |    18 ||    49
Block: Kite shield       |    38 |    18 ||    56

Table legend: (Time is in decaauts)
 A = Elapsed time spent in this place.
 B = Non-inter-level travel time spent in this place.
 C = Inter-level travel time spent in this place.
 D = Time resting spent in this place.
 E = Time spent auto-exploring this place.
 F = Levels seen in this place.
 G = Mean time per level.
                   A        B        C        D        E       F      G
               +--------+--------+--------+--------+--------+-----+--------+
         Total |   2303 |   2127 |    176 |      0 |   1632 |   4 |  575.8 |
       Dungeon |   2303 |   2127 |    176 |      0 |   1632 |   4 |  575.8 |
               +--------+--------+--------+--------+--------+-----+--------+

Top non-repeatable levels by time:
     D:1: 978 daAuts
     D:2: 706 daAuts
     D:3: 567 daAuts
     D:4: 50 daAuts
